3AAA
NAPERVILLE BATTLEKINGS @ SCRANTON SUPERNOVAS
05/03/2026
 
TOP OF THE 1ST
Naperville Battlekings batting - Pitching for Scranton Supernovas : LHP Jeff Schneider
Pitching: LHP Jeff Schneider
Batting: LHB Roberto Veliz 0-0: Foul Ball, location: 2F
0-1: Foul Ball, location: 2F
0-2: Foul Ball, location: 2F
0-2: Ground out 4-3 (Groundball, 4)
Batting: LHB Ricardo Collazo 0-0: Ball
1-0: Ball
2-0: Ground out 6-3 (Groundball, 6)
Batting: RHB Ben Kennerly 0-0: Called Strike
0-1: Ball
1-1: Ball
2-1: Ball
3-1: Base on Balls
Batting: RHB Jorge Baker 0-0: Called Strike
Ben Kennerly is caught stealing 2nd base
Top of the 1st over - 0 run(s), 0 hit(s), 0 error(s), 0 left on base; Naperville 0 - Scranton 0
BOTTOM OF THE 1ST
Scranton Supernovas batting - Pitching for Naperville Battlekings : RHP Chris Hayes
Pitching: RHP Chris Hayes
Batting: RHB Martín Álvarez 0-0: Swinging Strike
0-1: Swinging Strike
0-2: Ball
1-2: Hit by Pitch
Batting: LHB Francisco Ortega 0-0: Ball
1-0: Fly out, F8 (Flyball, 8LM)
Batting: LHB Phillip Tinker 0-0: Ball
1-0: Called Strike
1-1: Called Strike
1-2: Ball
2-2: Ball
3-2: 2-RUN HOME RUN (Flyball, 9D), Distance : 426 ft
Batting: RHB John Schnatter 0-0: Ball
1-0: Ball
2-0: Ball
3-0: Fly out, F8 (Flyball, 8RM)
Batting: RHB Pedro Rivera 0-0: Foul Ball, location: 2F
0-1: Ball
1-1: Called Strike
1-2: Ground out 5-3 (Groundball, 56)
Bottom of the 1st over - 2 run(s), 1 hit(s), 0 error(s), 0 left on base; Naperville 0 - Scranton 2
TOP OF THE 2ND
Naperville Battlekings batting - Pitching for Scranton Supernovas : LHP Jeff Schneider
Batting: RHB Jorge Baker 0-0: Called Strike
0-1: Ball
1-1: Ball
2-1: Foul Ball, location: 2F
2-2: Ground out 6-3 (Groundball, 6)
Batting: LHB Naohiro Sakai 0-0: Called Strike
0-1: Foul Ball, location: 2F
0-2: Ground out 4-3 (Groundball, 4M)
Batting: RHB António Guzmán 0-0: DOUBLE (Line Drive, 7LD)
Batting: LHB Cristo Ramírez 0-0: SINGLE (Groundball, 6MD)
António Guzmán to third
Runner from 3rd tries for Home, SAFE, throw made home
Cristo Ramírez to second
Batting: RHB Jimmy Dawson 0-0: Ball
1-0: Ball
2-0: Ball
3-0: Called Strike
3-1: Foul Ball, location: 2F
3-2: Foul Ball, location: 2F
Balk!
Cristo Ramírez to third
3-2: Foul Ball, location: 2F
3-2: Base on Balls
Batting: RHB Álex Rodríguez 0-0: Ball
1-0: Fielders Choice at 2nd, 5-4 (Groundball, 5)
Top of the 2nd over - 1 run(s), 2 hit(s), 0 error(s), 1 left on base; Naperville 1 - Scranton 2
BOTTOM OF THE 2ND
Scranton Supernovas batting - Pitching for Naperville Battlekings : RHP Chris Hayes
Batting: SHB Alonso Solís 0-0: Foul Ball, location: 2F
0-1: Foul Ball, location: 2F
0-2: Ball
1-2: Foul Ball, location: 2F
1-2: Foul Ball, location: 2F
1-2: Foul Ball, location: 2F
1-2: Foul Ball, location: 2F
1-2: SINGLE (Flyball, 8LS)
Batting: RHB Arturo Rochel 0-0: Ball
1-0: Foul Ball, location: 2F
1-1: Ball
2-1: Ground out U3 (Groundball, 34)
Alonso Solís to second
Batting: RHB Keith MacKey 0-0: Ball
1-0: Swinging Strike
1-1: Ball
2-1: Ball
3-1: Base on Balls
Batting: LHB José Cordero 0-0: Ball
1-0: Grounds into double play, 4-6-3 (Groundball, 4)
Bottom of the 2nd over - 0 run(s), 1 hit(s), 0 error(s), 1 left on base; Naperville 1 - Scranton 2
TOP OF THE 3RD
Naperville Battlekings batting - Pitching for Scranton Supernovas : LHP Jeff Schneider
Batting: LHB Roberto Veliz 0-0: Ball
1-0: SOLO HOME RUN (Flyball, 9D), Distance : 395 ft
Batting: LHB Ricardo Collazo 0-0: Called Strike
0-1: Ball
1-1: Ball
2-1: Ball
3-1: Swinging Strike
3-2: Foul Ball, location: 2F
3-2: SINGLE (Groundball, 34D)
Batting: RHB Ben Kennerly 0-0: 2-RUN HOME RUN (Line Drive, 7D), Distance : 411 ft
Batting: RHB Jorge Baker 0-0: Ball
1-0: Swinging Strike
1-1: Ball
2-1: Fly out, F8 (Flyball, 8LS)
Batting: LHB Naohiro Sakai 0-0: Fly out, F8 (Flyball, 78M)
Batting: RHB António Guzmán 0-0: Ground out 4-3 (Groundball, 4)
Top of the 3rd over - 3 run(s), 3 hit(s), 0 error(s), 0 left on base; Naperville 4 - Scranton 2
BOTTOM OF THE 3RD
Scranton Supernovas batting - Pitching for Naperville Battlekings : RHP Chris Hayes
Batting: RHB Martín Álvarez 0-0: Ball
1-0: SINGLE (Line Drive, 78M)
Batting: LHB Francisco Ortega 0-0: Fly out, F3 (Popup, 34S)
Batting: LHB Phillip Tinker 0-0: Ball
1-0: Ball
2-0: Ball
3-0: Base on Balls
Martín Álvarez to second
Batting: RHB John Schnatter 0-0: Ball
1-0: Called Strike
1-1: Ball
2-1: Ball
3-1: Grounds into double play, 4-6-3 (Groundball, 4)
Bottom of the 3rd over - 0 run(s), 1 hit(s), 0 error(s), 1 left on base; Naperville 4 - Scranton 2
TOP OF THE 4TH
Naperville Battlekings batting - Pitching for Scranton Supernovas : LHP Jeff Schneider
Batting: LHB Cristo Ramírez 0-0: SOLO HOME RUN (Flyball, 8RXD), Distance : 454 ft
Batting: RHB Jimmy Dawson 0-0: Ball
1-0: Called Strike
1-1: Foul Ball, location: 2F
1-2: Foul Ball, location: 2F
1-2: Ball
2-2: Foul Ball, location: 2F
2-2: Ball
3-2: Base on Balls
Batting: RHB Álex Rodríguez 0-0: Called Strike
0-1: Ball
Wild Pitch!
Jimmy Dawson to second
1-1: Ground out 6-3 (Groundball, 6)
Batting: LHB Roberto Veliz 0-0: Ball
1-0: Ball
2-0: Ball
3-0: Called Strike
3-1: Base on Balls
Batting: LHB Ricardo Collazo 0-0: Called Strike
0-1: Foul Ball, location: 2F
0-2: Strikes out looking
Batting: RHB Ben Kennerly 0-0: Ball
1-0: Ball
2-0: Fly out, F7 (Flyball, 7LM)
Top of the 4th over - 1 run(s), 1 hit(s), 0 error(s), 2 left on base; Naperville 5 - Scranton 2
BOTTOM OF THE 4TH
Scranton Supernovas batting - Pitching for Naperville Battlekings : RHP Chris Hayes
Batting: RHB Pedro Rivera 0-0: Ball
1-0: Called Strike
1-1: Ball
2-1: Ball
3-1: Ground out 4-3 (Groundball, 4)
Batting: SHB Alonso Solís 0-0: Swinging Strike
0-1: Swinging Strike
0-2: Strikes out swinging
Batting: RHB Arturo Rochel 0-0: Foul Ball, location: 2F
0-1: Swinging Strike
0-2: Ball
1-2: Ground out 5-3 (Groundball, 56S)
Bottom of the 4th over - 0 run(s), 0 hit(s), 0 error(s), 0 left on base; Naperville 5 - Scranton 2
TOP OF THE 5TH
Naperville Battlekings batting - Pitching for Scranton Supernovas : LHP Jeff Schneider
Batting: RHB Jorge Baker 0-0: Swinging Strike
0-1: SINGLE (Groundball, 56S) (infield hit)
Batting: LHB Naohiro Sakai 0-0: Ball
1-0: Ball
2-0: Foul Ball, location: 2F
2-1: Swinging Strike
2-2: Ball
3-2: Foul Ball, location: 2F
3-2: SINGLE (Flyball, 7S)
Jorge Baker to second
Batting: RHB António Guzmán 0-0: Ball
1-0: Bunted foul
1-1: Bunt missed!
1-2: Ball
2-2: SINGLE (Groundball, 6MD) (infield hit)
Jorge Baker to third
Naohiro Sakai to second
Batting: LHB Cristo Ramírez 0-0: Ball
1-0: SINGLE (Line Drive, 9S)
Jorge Baker scores
Naohiro Sakai to third
António Guzmán to second
Runner from 3rd tries for Home, SAFE, no throw
Pitching: RHP William Bonner
Batting: RHB Jimmy Dawson 0-0: Bunted foul
0-1: Ball
1-1: Sac Bunt - play at first, batter safe!
António Guzmán to third
Cristo Ramírez to second
Batting: RHB Álex Rodríguez 0-0: Called Strike
0-1: Ball
1-1: Ball
2-1: Foul Ball, location: 2F
2-2: Strikes out looking
Batting: LHB Roberto Veliz 0-0: Called Strike
0-1: Ball
1-1: Foul Ball, location: 2F
1-2: Ball
2-2: Foul Ball, location: 2F
2-2: Fly out, F9 (Line Drive, 9LM)
Runner from 3rd tags up, SCORES, no throw
Batting: LHB Ricardo Collazo 0-0: Foul Ball, location: 2F
0-1: Ball
1-1: Foul Ball, location: 2F
1-2: SINGLE (Groundball, 56D)
Cristo Ramírez to third
Jimmy Dawson to second
Runner from 3rd tries for Home, SAFE, no throw
Batting: RHB Ben Kennerly 0-0: Ground out 3-1 (Groundball, 34)
Top of the 5th over - 4 run(s), 6 hit(s), 0 error(s), 2 left on base; Naperville 9 - Scranton 2
BOTTOM OF THE 5TH
Scranton Supernovas batting - Pitching for Naperville Battlekings : RHP Chris Hayes
Batting: RHB Keith MacKey 0-0: Called Strike
0-1: Swinging Strike
0-2: Ball
1-2: Strikes out looking
Batting: LHB José Cordero 0-0: Called Strike
0-1: Ball
1-1: Foul Ball, location: 2F
1-2: Foul Ball, location: 2F
1-2: SOLO HOME RUN (Flyball, 9D), Distance : 408 ft
Batting: RHB Martín Álvarez 0-0: Ball
1-0: Called Strike
1-1: Ball
2-1: Called Strike
2-2: Ball
3-2: Fly out, F9 (Flyball, 9LS)
Batting: LHB Francisco Ortega 0-0: Called Strike
0-1: Ball
1-1: Foul Ball, location: 2F
1-2: Ball
2-2: Fly out, F4 (Line Drive, 4D)
Bottom of the 5th over - 1 run(s), 1 hit(s), 0 error(s), 0 left on base; Naperville 9 - Scranton 3
TOP OF THE 6TH
Naperville Battlekings batting - Pitching for Scranton Supernovas : RHP William Bonner
Batting: RHB Jorge Baker 0-0: Ground out 6-3 (Groundball, 6)
Batting: LHB Naohiro Sakai 0-0: Called Strike
0-1: Ball
1-1: Ground out U3 (Groundball, 34)
Batting: RHB António Guzmán 0-0: Called Strike
0-1: Foul Ball, location: 2F
0-2: Ground out 6-3 (Groundball, 6)
Top of the 6th over - 0 run(s), 0 hit(s), 0 error(s), 0 left on base; Naperville 9 - Scranton 3
BOTTOM OF THE 6TH
Scranton Supernovas batting - Pitching for Naperville Battlekings : RHP Chris Hayes
Batting: LHB Phillip Tinker 0-0: Fly out, F6 (Popup, 6)
Batting: RHB John Schnatter 0-0: Ball
1-0: Called Strike
1-1: Ground out U3 (Groundball, 34)
Batting: RHB Pedro Rivera 0-0: Ball
1-0: Fly out, F8 (Flyball, 8LS)
Bottom of the 6th over - 0 run(s), 0 hit(s), 0 error(s), 0 left on base; Naperville 9 - Scranton 3
TOP OF THE 7TH
Naperville Battlekings batting - Pitching for Scranton Supernovas : RHP William Bonner
Batting: LHB Cristo Ramírez 0-0: Fly out, F7 (Flyball, 7)
Batting: RHB Jimmy Dawson 0-0: Ball
1-0: Ball
2-0: Called Strike
2-1: Foul Ball, location: 2F
2-2: Ball
3-2: Foul Ball, location: 2F
3-2: Fly out, F7 (Flyball, 78M)
Batting: RHB Álex Rodríguez 0-0: Hit by Pitch
Batting: LHB Roberto Veliz 0-0: Swinging Strike
0-1: Foul Ball, location: 2F
0-2: Foul Ball, location: 2F
0-2: Ball
1-2: Fielders Choice at 2nd, 4-6 (Groundball, 4)
Top of the 7th over - 0 run(s), 0 hit(s), 0 error(s), 0 left on base; Naperville 9 - Scranton 3
BOTTOM OF THE 7TH
Scranton Supernovas batting - Pitching for Naperville Battlekings : RHP Chris Hayes
Batting: SHB Alonso Solís 0-0: Ball
1-0: Ground out 6-3 (Groundball, 6)
Batting: RHB Arturo Rochel 0-0: Ball
1-0: Ball
2-0: Ball
3-0: Called Strike
3-1: Called Strike
3-2: Ground out 1-3 (Groundball, 13)
Batting: RHB Keith MacKey 0-0: Ball
1-0: Foul Ball, location: 2F
1-1: Foul Ball, location: 2F
1-2: Fly out, F8 (Flyball, 8RM)
Bottom of the 7th over - 0 run(s), 0 hit(s), 0 error(s), 0 left on base; Naperville 9 - Scranton 3
TOP OF THE 8TH
Naperville Battlekings batting - Pitching for Scranton Supernovas : RHP William Bonner
Batting: LHB Ricardo Collazo 0-0: Ball
1-0: Foul Ball, location: 2F
1-1: Ball
2-1: Ball
3-1: Fly out, F4 (Popup, 34D)
Batting: RHB Ben Kennerly 0-0: Ball
1-0: Ball
2-0: Fly out, F9 (Flyball, 9S)
Batting: RHB Jorge Baker 0-0: Ground out 6-3 (Groundball, 6)
Top of the 8th over - 0 run(s), 0 hit(s), 0 error(s), 0 left on base; Naperville 9 - Scranton 3
BOTTOM OF THE 8TH
Scranton Supernovas batting - Pitching for Naperville Battlekings : RHP Chris Hayes
Batting: LHB José Cordero 0-0: Fly out, F7 (Flyball, 7S)
Batting: RHB Martín Álvarez 0-0: Ball
1-0: Foul Ball, location: 2F
1-1: Fly out, F8 (Flyball, 8RD)
Batting: LHB Francisco Ortega 0-0: Ball
1-0: Called Strike
1-1: Hit by Pitch
Batting: LHB Phillip Tinker 0-0: Called Strike
0-1: SINGLE (Groundball, 4MD)
Francisco Ortega to second
Runner from 2nd tries for 3rd, SAFE, throw made to third
Batting: RHB John Schnatter 0-0: Ball
1-0: Called Strike
1-1: Fly out, F9 (Flyball, 9D)
Bottom of the 8th over - 0 run(s), 1 hit(s), 0 error(s), 2 left on base; Naperville 9 - Scranton 3
TOP OF THE 9TH
Naperville Battlekings batting - Pitching for Scranton Supernovas : RHP William Bonner
Pitching: RHP R.J. Anderson
Batting: LHB Naohiro Sakai 0-0: Foul Ball, location: 2F
0-1: Hit by Pitch
Batting: RHB António Guzmán 0-0: Called Strike
0-1: Ball
1-1: Ball
2-1: Ball
3-1: Base on Balls
Naohiro Sakai to second
Batting: LHB Cristo Ramírez 0-0: Ball
1-0: Foul Ball, location: 2F
1-1: Ball
2-1: Ball
3-1: Grounds into double play, 6-4-3 (Groundball, 6)
Naohiro Sakai to third
Batting: RHB Jimmy Dawson 0-0: Foul Ball, location: 2F
0-1: Ball
1-1: Ball
2-1: Ball
3-1: Base on Balls
Batting: RHB Álex Rodríguez 0-0: Called Strike
0-1: Ball
1-1: Ball
2-1: Ball
3-1: Fly out, F6 (Line Drive, 56)
Top of the 9th over - 0 run(s), 0 hit(s), 0 error(s), 2 left on base; Naperville 9 - Scranton 3
BOTTOM OF THE 9TH
Scranton Supernovas batting - Pitching for Naperville Battlekings : RHP Chris Hayes
Batting: RHB Pedro Rivera 0-0: Called Strike
0-1: SINGLE (Flyball, 9LS)
Batting: SHB Alonso Solís 0-0: Ball
1-0: Called Strike
1-1: Fly out, F8 (Flyball, 8LS)
Batting: RHB Arturo Rochel 0-0: Fly out, F4 (Popup, 3D)
Batting: RHB Keith MacKey 0-0: Ball
1-0: Fly out, F8 (Flyball, 89M)
Bottom of the 9th over - 0 run(s), 1 hit(s), 0 error(s), 1 left on base; Naperville 9 - Scranton 3
Monday, March 20th, 2017 - OOTP Baseball 17.12 Build 75